 Dungeon Crawl Stone Soup version 0.29.1-13-g9f3cf754e1 (webtiles) character file.

Game seed: 11694421697137702171

36 croobank the Trooper (level 3, -8/29 HPs)
             Began as a Formicid Abyssal Knight on Jan 27, 2023.
             Was a Believer of Lugonu.
             Mangled by a gnoll
             ... wielding a +0 halberd
              (13 damage)
             ... on level 2 of the Dungeon.
             The game lasted 00:03:45 (1660 turns).

croobank the Trooper (Formicid Abyssal Knight)      Turns: 1660, Time: 00:03:45

Health: -8/29      AC:  3    Str: 17    XL:     3   Next: 57%
Magic:  5/5        EV: 11    Int: 11    God:    Lugonu [**....]
Gold:   80         SH:  0    Dex: 14    Spells: 2/2 levels left

rFire   . . .      SeeInvis +   a - +1 hand axe
rCold   . . .      Faith    .   (no shield)
rNeg    . . .      Spirit   .   b - +0 leather armour
rPois   .          Reflect  .   (helmet unavailable)
rElec   .          Harm     .   (no cloak)
rCorr   +          Rampage  .   (no gloves)
Will    .....                   (no boots)
Stlth   +.........              (no amulet)
HPRegen 0.09/turn               d - ring of resist corrosion
MPRegen 0.09/turn               (no ring)

@: no status effects
A: permanent stasis, dig shafts and tunnels, antennae 3, four strong arms
a: Dig, Shaft Self, Renounce Religion, Depart the Abyss, Bend Space


You were on level 2 of the Dungeon.
You worshipped Lugonu.
Lugonu was pleased with you.
You visited 1 branch of the dungeon, and saw 2 of its levels.
You visited the Abyss 1 time.

You collected 80 gold pieces.

Inventory:

Hand Weapons
 a - a +1 hand axe (weapon)
Armour
 b - a +0 leather armour (worn)
Jewellery
 d - a ring of resist corrosion (left hand)
Scrolls
 c - a scroll of fear {unknown}
 f - a scroll of butterflies {unknown}
 j - a scroll of vulnerability {unknown}
Potions
 e - 2 potions of curing {unknown}
 g - 2 potions of might {unknown}
 h - a potion of lignification {unknown}
 i - a potion of invisibility {unknown}


   Skills:
 + Level 3.6 Fighting
 + Level 2.4 Axes
 + Level 2.6 Armour
 + Level 1.4 Dodging
 + Level 2.7 Invocations


You had 2 spell levels left.
You didn't know any spells.
Your spell library contained the following spells:

 Spells                   Type           Power      Damage    Failure   Level
 Summon Small Mammal      Summ           0%         N/A       38%         1
 Call Canine Familiar     Summ           0%         N/A       77%         3
 Summon Guardian Golem    Hex/Summ       0%         N/A       77%         3


Dungeon Overview and Level Annotations

Branches:
Dungeon (2/15)

Altars:


Innate Abilities, Weirdness & Mutations

You cannot be hasted, slowed, berserked, paralysed or teleported.
You can dig through walls and to a lower floor.
You have a pair of large antennae on your head. (SInv)
Your four strong arms can wield two-handed weapons with a shield.


Message History

You start resting.
You feel sick. x4
You are no longer poisoned.
You start resting.
Magic restored.
You start resting.
A bat comes into view.
The bat moves out of view.
You start resting.
A bat is nearby!
A bat is nearby!
You start resting.
A gnoll comes into view. It is wielding a +0 club.
No target in view!
No target in view!
No target in view! 2 gnolls come into view.
The gnoll shouts! x2
The gnoll moves out of view.
The gnoll shouts!
A gnoll comes into view.
It is wielding a +0 flail and carrying a wand of flame (16).
The gnoll closely misses you.
The gnoll throws a stone.
The stone hits you.
The gnoll throws a stone.
The stone barely misses you. As you open the door, it creaks loudly!
The gnoll throws a stone.
The stone closely misses you.
There is an open door here.
Found a stone staircase leading down.
A worm comes into view.
The gnoll hits you with a +0 club!
You closely miss the gnoll.
The gnoll hits you from afar with a +0 halberd!
The gnoll hits you with a +0 club.
* * * LOW HITPOINT WARNING * * *
You hit the gnoll.
The gnoll is heavily wounded.
The gnoll barely misses you. x2
You hit the gnoll.
The gnoll is almost dead.
The gnoll hits you from afar with a +0 halberd!
You die...

......###.....#...........
........+.....#...........
.#..#.###.....#...........
.#..#.##......#...........
...........g...#g##.......
.##.#.##.gg....#g# .......
. #.#....g##...#g# .......
..#.#...{.##...#g# .......
..#.#.....######@##.......
.................#........
#.#.#...................w.
....#.#....#######........
....#.#....# #....{...
...## #........ .......
......... ...##.##.
......... .........
#.####.#.


You could see 4 gnolls.

Vanquished Creatures
  An adder (D:2)
  A worm (D:2)
  2 bats
  2 endoplasms
  6 giant cockroaches
  3 goblins (D:1)
  A hobgoblin (D:1)
  3 kobolds
  2 frilled lizards
21 creatures vanquished.

Vanquished Creatures (others)
  7 toadstools (D:1)
7 creatures vanquished.

Grand Total: 28 creatures vanquished

Notes
Turn   | Place    | Note
-------+----------+-------------------------------------------
     0 | Abyss:1  | croobank the Formicid Abyssal Knight began the quest for
                  | the Orb.
     0 | Abyss:1  | Reached XP level 1. HP: 18/18 MP: 2/2
    28 | D:1      | Escaped the Abyss
   115 | D:1      | Reached skill level 1 in Dodging
   291 | D:1      | Reached XP level 2. HP: 24/24 MP: 3/3
   896 | D:2      | Found a faded altar of an unknown god.
   910 | D:2      | Reached XP level 3. HP: 17/29 MP: 4/4
  1660 | D:2      | Mangled by a gnoll

Illustrated notes

Levels and vault maps discovered:
D:1:      nagdon_arrival_double_spiral, layout_basic, kennysheep_small_spiral,
          nrook_mini_backslash, chequers_decorated_corner,
          minmay_worlds_worst_comb
D:2:      layout_basic, hellmonk_ecumenical_altar_inner_sanctum

Skill      XL: |  1 |
---------------+----+-----
Dodging        | 1 |  1.4
Fighting       | |  3.6
Axes           | |  2.4
Armour         | |  2.6
Invocations    | |  2.7

Action                   || total
-------------------------++-------
Melee: Hand axe          ||    66
 Abil: Dig               ||     1
Armor: Leather armour    ||     8
Dodge: Dodged            ||    41
